 Dungeon Crawl Stone Soup version 0.23.2-40-g277498a001 (webtiles) character file.

Game seed: 15484756136349346126

176 Folks the Conjurer (level 5, 0/38 HPs)
             Began as a Demigod Conjurer on Aug 21, 2019.
             Slain by a centaur skeleton (6 damage)
             ... on level 4 of the Dungeon.
             The game lasted 00:12:03 (2654 turns).

Folks the Conjurer (Demigod Conjurer)               Turns: 2654, Time: 00:12:04

Health: 0/38       AC:  6    Str: 11    XL:     5   Next: 8%
Magic:  1/13       EV: 12    Int: 21    God:
Gold:   226        SH:  5    Dex: 16    Spells: 0/10 levels left

rFire    + . .     SeeInvis .   g - +0 short sword
rCold    . . .     Gourm    .   (no shield)
rNeg     . . .     Faith    .   m - +2 robe {rF+}
rPois    .         Spirit   .   t - +0 helmet (curse)
rElec    .         Reflect  +   u - +0 cloak
rCorr    .         Harm     .   (no gloves)
MR       .....                  (no boots)
Stlth    ++........             l - +5 amulet of reflection
HPRegen  0.12/turn              (no ring)
MPRegen  0.13/turn              (no ring)

@: very slightly contaminated
A: high mp 1
a: no special abilities


You were on level 4 of the Dungeon.
You were not hungry.

You visited 1 branch of the dungeon, and saw 4 of its levels.

You collected 226 gold pieces.

Inventory:

Hand Weapons
 b - a +0 club
 d - a +0 dagger
 g - a +0 short sword (weapon)
Armour
 a - a +1 robe
 m - a +2 robe of fire resistance (worn)
 t - a cursed +0 helmet (worn)
 u - a +0 cloak (worn)
Jewellery
 l - a +5 amulet of reflection (around neck)
 q - an uncursed ring of resist corrosion {unknown}
 w - an uncursed amulet of regeneration {unknown}
Scrolls
 i - 3 scrolls of identify
 j - a scroll of amnesia {unknown}
 k - 3 scrolls of remove curse
Potions
 e - a potion of degeneration {unknown}
 f - 2 potions of resistance {unknown}
 h - a potion of haste {unknown}
 n - a potion of cancellation {unknown}
 o - a potion of invisibility
 r - 2 potions of curing {unknown}
 s - a potion of brilliance {unknown}
Comestibles
 c - 5 rations
 v - 7 chunks of flesh


   Skills:
 - Level 1.7 Dodging
 - Level 1.7 Stealth
 + Level 3.3 Spellcasting
 + Level 4.4 Conjurations
 * Level 2.2 Hexes


You couldn't memorise any spells.
You knew the following spells:

 Your Spells              Type           Power        Failure   Level  Hunger
a - Magic Dart            Conj           ###.         1%          1    None
b - Searing Ray           Conj           ###...       3%          2    ##.....
c - Dazzling Spray        Conj/Hex       ###...       10%         3    ###....
d - Fulminant Prism       Conj/Hex       ###.......   32%         4    ####...

Your spell library contained the following spells:

 Spells                   Type           Power        Failure   Level  Hunger
 Iskenderun's Mystic Bla  Conj           ###.....     21%         4    ####...
 Force Lance              Conj/Tloc      ##......     45%         4    ####...


Dungeon Overview and Level Annotations

Branches:
Dungeon (4/15)
 Temple: D:4-7

Annotations:
D:3 Terence


Innate Abilities, Weirdness & Mutations

You have an increased reservoir of magic. (+10% MP)


Message History

You miscast Dazzling Spray.
You are very lightly contaminated with residual magic.
Your skin tingles.
The orc wizard shouts!
You hear a bark!
The orc wizard casts a spell.
The orc wizard seems to speed up.
There is a stone staircase leading down here.
The orc wizard hits you with a +0 dagger. x2
You climb downwards.
A jackal and 2 skeletons come into view.
Found a potion of invisibility.
Found a stone staircase leading up and two stone staircases leading down.
There is a stone staircase leading up here.
The orc wizard barely misses you.
Found a ring mail.
The orc wizard points at you and mumbles some strange words.
The puff of frost hits you!
* * * LOW HITPOINT WARNING * * *
The centaur skeleton hits you.
You die...

.........#....
...........#..
.........#...
.[........#
........ #.
#....#
#..####..Z.##
#..!....o.@.#
#.....<....<#
+.......>...#
#...........#
.h..........Z#
.............#
.............#
..##>.#####...P
.. #.. ....


You could see an orc wizard and 2 centaur skeletons.

Vanquished Creatures
  Crazy Yiuf (D:2)
  Robin (D:2)
  A gnoll (D:1)
  3 adders (D:2)
  A worm (D:2)
  2 dart slugs
  2 leopard geckos (D:2)
  2 orcs (D:3)
  9 bats
  3 giant cockroaches
  18 goblins
  13 hobgoblins
  5 jackals
  A quokka (D:3)
  6 frilled lizards
  9 kobolds
  9 rats
86 creatures vanquished.

Vanquished Creatures (others)
  A fulminant prism (D:3)
1 creature vanquished.

Grand Total: 87 creatures vanquished

Notes
Turn   | Place    | Note
-------+----------+-------------------------------------------
     0 | D:1      | Folks the Demigod Conjurer began the quest for the Orb.
     0 | D:1      | Reached XP level 1. HP: 14/14 MP: 5/5
   338 | D:1      | Reached XP level 2. HP: 20/20 MP: 2/7
   342 | D:1      | Learned a level 2 spell: Searing Ray
   694 | D:1      | Reached XP level 3. HP: 21/26 MP: 3/9
   699 | D:1      | Reached skill level 4 in Conjurations
  1188 | D:2      | Learned a level 3 spell: Dazzling Spray
  1196 | D:2      | Found a snail-covered altar of Cheibriados.
  1275 | D:2      | Found a basalt altar of Yredelemnul.
  1406 | D:2      | Found a shattered altar of Ashenzari.
  1456 | D:2      | Found a runed translucent door.
  1457 | D:2      | Noticed Crazy Yiuf
  1541 | D:2      | Reached skill level 1 in Hexes
  1541 | D:2      | Reached XP level 4. HP: 30/33 MP: 3/11
  1878 | D:2      | Noticed Robin
  1911 | D:2      | Killed Robin
  2229 | D:2      | Killed Crazy Yiuf
  2515 | D:3      | Reached XP level 5. HP: 38/38 MP: 5/12
  2531 | D:3      | Learned a level 4 spell: Fulminant Prism
  2533 | D:3      | Noticed Terence
  2654 | D:4      | Slain by a centaur skeleton

Skill      XL: |  1  2  3  4 |
---------------+-------------+-----
Spellcasting   | 2 3 |  3.3
Conjurations   | 4 |  4.4
Hexes          | 1 2 |  2.2
Dodging        | |  1.7
Stealth        | |  1.7

Action                   |  1- 3 |  4- 6 || total
-------------------------+-------+-------++-------
Melee: Club              |    24 |       ||    24
       Unarmed           |     1 |       ||     1
       Dagger            |    44 |     7 ||    51
       Short sword       |       |    37 ||    37
 Cast: Magic Dart        |    25 |     9 ||    34
       Searing Ray       |    11 |    10 ||    21
       Dazzling Spray    |     2 |     1 ||     3
       Fulminant Prism   |       |     1 ||     1
  Use: Scroll            |     2 |     3 ||     5
 Stab: Sleeping          |     3 |     2 ||     5
  Eat: Chunk             |     3 |     4 ||     7
Armor: Robe              |    20 |    22 ||    42
Dodge: Dodged            |    64 |    45 ||   109
Block: Other             |       |    29 ||    29
